 Dungeon Crawl Stone Soup version 0.29.1-4-g47bece8355 (webtiles) character file.

Game seed: 2447720369767931974

73 wingedge the Caller (level 4, -1/26 HPs)
             Began as a Deep Elf Summoner on Dec 6, 2022.
             Killed by divine providence
             ... invoked by an orc priest
              (15 damage)
             ... on level 3 of the Dungeon on Dec 7, 2022.
             The game lasted 00:15:24 (2894 turns).

wingedge the Caller (Deep Elf Summoner)             Turns: 2894, Time: 00:15:24

Health: -1/26      AC:  2    Str:  5    XL:     4   Next: 8%
Magic:  7/11       EV: 13    Int: 28    God:
Gold:   126        SH:  0    Dex: 15    Spells: 1/10 levels left

rFire   + . .      SeeInvis .   d - +0 short sword
rCold   . . .      Faith    .   (no shield)
rNeg    . . .      Spirit   .   a - +0 robe
rPois   .          Reflect  .   (no helmet)
rElec   .          Harm     .   (no cloak)
rCorr   .          Rampage  .   (no gloves)
Will    .....                   (no boots)
Stlth   ++........              (no amulet)
HPRegen 0.08/turn               l - +6 ring of intelligence
MPRegen 0.12/turn               j - ring of protection from fire

@: no status effects
A: no striking features
a: no special abilities


You were on level 3 of the Dungeon.
You visited 1 branch of the dungeon, and saw 4 of its levels.

You collected 126 gold pieces.

Inventory:

Hand Weapons
 d - a +0 short sword (weapon)
 e - a +0 dagger
 i - a +0 sling
Armour
 a - a +0 robe (worn)
Jewellery
 j - a ring of protection from fire (right hand)
 l - a +6 ring of intelligence (left hand)
Scrolls
 f - 4 scrolls of immolation
 g - a scroll of fog
 h - a scroll of vulnerability {unknown}
 n - a scroll of fear {unknown}
Potions
 b - a potion of magic
 c - 3 potions of ambrosia
 k - a potion of attraction {unknown}
 m - 2 potions of curing


   Skills:
 - Level 2.0 Fighting
 - Level 3.0 Dodging
 - Level 2.4 Stealth
 + Level 3.8 Spellcasting
 - Level 4.3 Summonings
 + Level 1.5 Ice Magic


You had one spell level left.
You knew the following spells:

 Your Spells              Type           Power      Damage    Failure   Level
a - Summon Small Mammal   Summ           100%       N/A       1%          1
b - Call Imp              Summ           29%        N/A       1%          2
c - Call Canine Familiar  Summ           29%        N/A       3%          3
d - Ozocubu's Armour      Ice            13%        N/A       12%         3

Your spell library contained the following spells:

 Spells                   Type           Power      Damage    Failure   Level
 Shock                    Conj/Air       20%        1d4       8%          1
 Summon Guardian Golem    Hex/Summ       17%        N/A       10%         3
 Inner Flame              Hex/Fire       5%         N/A       22%         3
 Swiftness                Air            5%         N/A       22%         3
 Summon Lightning Spire   Summ/Air       17%        N/A       30%         4
 Airstrike                Air            2%         2d(1-17)  58%         4
 Cause Fear               Hex            2%         N/A       58%         4
 Metabolic Englaciation   Hex/Ice        4%         N/A       83%         5
 Simulacrum               Ice/Necr       4%         N/A       100%        6
 Discord                  Hex            2%         N/A       100%        8


Dungeon Overview and Level Annotations

Branches:
Dungeon (4/15)
 Temple: D:4-7

Altars:
The Shining One

Shops:
D:2 *=(


Message History

Orders for allies: a - Attack new target. r - Retreat! s - Stop attacking. g - Guard the area. f - Follow me.
Anything else - Cancel.
Gang up on whom?
Press: ? - help, Dir - move target, f - orc priest
Aim: an orc priest, wielding a +0 short sword and wearing a +0 leather armour (asleep)
Okay, then.
An orc comes into view. It is wielding a +2 dagger of venom.
The orc priest shouts!
The orc shouts! x2
What are your orders? t - Shout!
Orders for allies: a - Attack new target. r - Retreat! s - Stop attacking. g - Guard the area. f - Follow me.
Anything else - Cancel.
Okay, then.
You swap places.
Your hound bites the orc but does no damage.
The orc misses your hound.
Your hound bites the orc.
The orc hits your hound with a +0 hand axe.
You swap places.
Your hound bites the orc.
Your hound barely misses the orc.
The orc closely misses your hound. Something barely misses your hound.
Casting: Call Imp (safe; 1% risk of failure)
Confirm with . or Enter, or press ? or * to list all spells.
Okay, then.
Unknown command.
Your hound bites the orc.
The orc dies!
Your crimson imp hits the orc priest.
The orc priest completely misses your crimson imp.
The orc priest calls down the wrath of Beogh upon you.
Beogh smites you!
Your hound closely misses the orc priest.
Your crimson imp hits the orc priest but does no damage.
The orc priest calls down the wrath of Beogh upon you.
Beogh smites you!
Ouch! That really hurt!
You die...

#.#########################.#
#.# #......###############.##
#.# #.####...................
#.# #.##....##############.##
#.####.#.....'....###### #.#
#......#.....##........# #.#
##.......######........# #.#
.......######........# #.##
.........5.@.........# #.#.
........oh############ #.#.
###.....oo .. ... #. .......#
#. ..# #. .......#.#. #.# #.
.......#.#.####.### #.
.......#..........# #.
...............>..######.
#.................#.


You could see an orc priest (ally target), an orc, a friendly hound (summoned)
and a friendly crimson imp (summoned).

Vanquished Creatures
  An endoplasm (D:2)
  A quokka (D:1)
  3 bats
  A rat (D:3)
6 creatures vanquished.

Vanquished Creatures (collateral kills)
  A jelly (D:4)
  An orc (D:3)
  4 ball pythons
  4 endoplasms
  4 goblins
  6 hobgoblins
  2 quokkas
  3 bats
  6 frilled lizards
  3 kobolds (D:1)
  2 rats
36 creatures vanquished.

Vanquished Creatures (others)
  A plant (D:2)
1 creature vanquished.

Grand Total: 43 creatures vanquished

Notes
Turn   | Place    | Note
-------+----------+-------------------------------------------
     0 | D:1      | wingedge the Deep Elf Summoner began the quest for the Orb.
     0 | D:1      | Reached XP level 1. HP: 10/10 MP: 6/6
   140 | D:1      | Reached skill level 1 in Fighting
   317 | D:1      | Reached XP level 2. HP: 16/16 MP: 4/8
   350 | D:1      | Learned a level 2 spell: Call Imp
  1230 | D:2      | Found Wuxiev's Jewellery Emporium.
  1318 | D:2      | Found Noresmaff's Weapon Emporium.
  1713 | D:2      | Reached XP level 3. HP: 21/21 MP: 7/9
  1809 | D:2      | Found Ogeishruk's Assorted Antiques.
  1945 | D:2      | Found a glowing golden altar of the Shining One.
  2256 | D:3      | You fall into a shaft and drop 1 floor!
  2274 | D:4      | Reached skill level 1 in Ice Magic
  2301 | D:4      | Identified the +8 whip of Fate {drain, *Noise Will+ Int+3}
  2529 | D:3      | Learned a level 3 spell: Call Canine Familiar
  2533 | D:3      | Learned a level 3 spell: Ozocubu's Armour
  2627 | D:3      | Reached XP level 4. HP: 26/26 MP: 7/11
  2894 | D:3      | Killed from afar by an orc priest

Illustrated notes

Levels and vault maps discovered:
D:1:      psy_arrival_radial01, layout_basic, minmay_tromino_i4
D:2:      layout_basic, basic_altar, serial_shops,
          nicolae_shop_overgrown_old_shop, shop_statue, shop,
          minmay_misc_feat_rugged, minmay_lizard_pond
D:3:      layout_basic
D:4:      layout_basic, minmay_manual_mail

Skill      XL: |  1  2  3 |
---------------+----------+-----
Fighting       | 1 2 |  2.0
Dodging        | 3 |  3.0
Ice Magic      | 1 |  1.5
Stealth        | |  2.4
Spellcasting   | |  3.8
Summonings     | |  4.3

Action                   |  1- 3 |  4- 6 || total
-------------------------+-------+-------++-------
Melee: Unarmed           |     6 |       ||     6
       Short sword       |     8 |     1 ||     9
 Fire: Sling             |     1 |       ||     1
 Cast: Summon Small Mamm |    32 |       ||    32
       Call Imp          |    17 |     1 ||    18
       Call Canine Famil |     2 |     3 ||     5
  Use: Scroll            |     4 |     1 ||     5
 Stab: Sleeping          |     2 |     1 ||     3
Armor: Robe              |     3 |       ||     3
Dodge: Dodged            |    10 |       ||    10
